 Dungeon Crawl Stone Soup version 0.27.1-4-g1640c2035a (webtiles) character file.

Game seed: 18308524583610614868

92 pkoi the Shield-Bearer (level 4, -4/39 HPs)
             Began as a Minotaur Fighter on Nov 10, 2021.
             Slain by Sigmund (5 damage)
             ... on level 3 of the Dungeon.
             The game lasted 00:02:24 (2804 turns).

pkoi the Shield-Bearer (Minotaur Fighter)           Turns: 2804, Time: 00:02:25

Health: -4/39      AC:  6    Str: 22    XL:     4   Next: 35%
Magic:  2/2        EV:  7    Int:  5    God:
Gold:   62         SH:  0    Dex:  9    Spells: 3/3 levels left

rFire    + . .     SeeInvis +   j - +1 flail (venom)
rCold    . . .     Faith    .   c - +0 kite shield
rNeg     . . .     Spirit   .   b - +0 scale mail
rPois    .         Reflect  .   (helmet unavailable)
rElec    .         Harm     .   (no cloak)
rCorr    .         Rampage  .   (no gloves)
Will     .....                  (no boots)
Stlth    ..........             (no amulet)
HPRegen  0.13/turn              e - ring of see invisible
MPRegen  0.08/turn              (no ring)

@: confused
A: horns 3, retaliatory headbutt, fire resistance 1, low mp 1
a: no special abilities


You were on level 3 of the Dungeon.
You visited 1 branch of the dungeon, and saw 3 of its levels.

You collected 62 gold pieces.

Inventory:

Hand Weapons
 a - a +0 flail
 j - a +1 flail of venom (weapon)
Armour
 b - a +0 scale mail (worn)
 c - a +0 kite shield (worn)
Jewellery
 e - a ring of see invisible (left hand)
Potions
 d - a potion of might
 f - a potion of heal wounds {unknown}
 g - a potion of mutation
 h - a potion of haste
 i - a potion of curing


   Skills:
 - Level 3.6 Fighting
 + Level 4.3 Maces & Flails
 - Level 3.6 Armour
 + Level 5.1 Shields


You had 3 spell levels left.
You didn't know any spells.
Your spell library contained the following spells:

 Spells                   Type           Power      Damage    Failure   Level
 Static Discharge         Conj/Air       0%         N/A       100%        2
 Frozen Ramparts          Ice            0%         1d2       100%        3
 Dispel Undead            Necr           0%         3d6       100%        4
 Ice Form                 Ice/Tmut       0%         N/A       100%        4
 Sticky Flame             Conj/Fire      0%         2d3       100%        4
 Summon Ice Beast         Ice/Summ       0%         N/A       100%        4


Dungeon Overview and Level Annotations

Branches:
Dungeon (3/15)

Altars:

Shops:
D:1 *

Annotations:
D:3 Sigmund


Innate Abilities, Weirdness & Mutations

You have a pair of large horns on your head.
You reflexively headbutt those who attack you in melee.
Your flesh is heat resistant. (rF+)
Your magical capacity is low. (-10% MP)


Message History

Sigmund flickers and vanishes for a moment.
Sigmund looks more healthy.
There is a stone staircase leading up here.
You block the frilled lizard's attack.
You climb upwards.
There is a stone staircase leading down here.
You miss the frilled lizard. You block the frilled lizard's attack.
You miss the frilled lizard.
Your headbutt misses the frilled lizard.
You block the frilled lizard's attack.
You closely miss the frilled lizard.
Your headbutt misses the frilled lizard.
You block the frilled lizard's attack. The frilled lizard barely misses you.
You closely miss the frilled lizard.
The frilled lizard bites you but does no damage.
You hit the frilled lizard.
You kill the frilled lizard!
You see here a frilled lizard corpse.
You start resting.
HP restored.
There is a stone staircase leading down here.
You climb downwards.
Level annotation: Sigmund
There is a stone staircase leading up here.
Sigmund casts a spell at you.
You are confused.
You bump into the rock wall.
Sigmund hits you from afar with a +3 vorpal scythe!
Sigmund breathes a few words.
Sigmund's hands start flickering wildly.
Sigmund gestures wildly while chanting.
Sigmund flickers and vanishes for a moment.
Things that are here:
3 stones; a +0 short sword Sigmund points at you and mumbles some strange words.
The magic dart hits you!
* * * LOW HITPOINT WARNING * * *
Sigmund hits you with a +3 vorpal scythe!
* * * LOW HITPOINT WARNING * * *
You die...

#.#..............#.
#.#...............
#.#..†.##.......#
####.#....##.......#
#..........#.......###
#........#.#.........#
#....l@..#.#(....#+++
#.....####@#.#<.##
####.## #.#@#...#
##....# #.#@#.###
#.....#####...#.# #
#..!..........#.# ####
#.......####..#.# #...
#....##.# #.>#.# #.##
#....# ... ###### #
#....# .### #....+ #


You could see Sigmund (invisible).

Vanquished Creatures
  3 adders
  A dart slug (D:2)
  3 orcs
  7 bats
  7 endoplasms
  2 giant cockroaches
  3 goblins
  7 hobgoblins
  2 jackals (D:1)
  3 quokkas
  4 ball pythons
  4 frilled lizards
  7 kobolds
  3 rats
56 creatures vanquished.

Notes
Turn   | Place    | Note
-------+----------+-------------------------------------------
     0 | D:1      | pkoi the Minotaur Fighter began the quest for the Orb.
     0 | D:1      | Reached XP level 1. HP: 19/19 MP: 0/0
   225 | D:1      | Reached skill level 4 in Shields
   225 | D:1      | Reached XP level 2. HP: 23/26 MP: 1/1
   867 | D:1      | Found Cutaarinu's General Store.
   872 | D:1      | Reached XP level 3. HP: 30/31 MP: 2/2
  2056 | D:3      | Reached XP level 4. HP: 37/39 MP: 3/3
  2065 | D:3      | Reached skill level 5 in Shields
  2196 | D:2      | Gained mutation: Your flesh is heat resistant. (rF+)
                  | [potion of mutation]
  2196 | D:2      | Gained mutation: Your magical capacity is low. (-10% MP)
                  | [potion of mutation]
  2196 | D:2      | Gained mutation: You have a pair of large horns on your
                  | head. [potion of mutation]
  2196 | D:2      | HP: 1/39 [poisoned by an orc]
  2523 | D:3      | Noticed Sigmund
  2804 | D:3      | HP: 1/39 [Sigmund (13)]
  2804 | D:3      | Slain by Sigmund

Illustrated notes

Levels and vault maps discovered:
D:1:      ebering_trefoil_3fold, layout_loops_ring, serial_shops, shop,
          grunt_decor_fettered, hangedman_abyss_or_decor_stabs
D:2:      layout_basic
D:3:      layout_basic, hellmonk_ecumenical_altar_blasted,
          minmay_splitting_lines, kennysheep_cross_bottleneck, uniq_sigmund,
          uniq_robin

Skill      XL: |  1  2  3  4 |
---------------+-------------+-----
Shields        | 4 5 |  5.1
Maces & Flails | 3 4 |  4.3
Fighting       | |  3.6
Armour         | |  3.6

Action                   |  1- 3 |  4- 6 || total
-------------------------+-------+-------++-------
Melee: Flail             |   105 |    46 ||   151
       Headbutt          |     9 |     6 ||    15
  Use: Scroll            |     3 |     1 ||     4
       Potion            |       |     2 ||     2
Armor: Scale mail        |    75 |    14 ||    89
Dodge: Dodged            |    40 |    15 ||    55
Block: Kite shield       |    74 |    27 ||   101
